cohdb
Replays
Latest Replays
All Replays
Popular Replays
Top Player Replays
Match Explorer
How It Works
Community
CoH3 Stats
Reddit
Sign in to upload your games and track your stats! →
Sign in with Steam
Match 44428259
Unlisted
Match 44428259
Overview
Messages
Build Orders
End
Construct Barracks
Selects Special Operations Battlegroup
Selects M29 Weasel Recon Vehicle
M29 Weasel Recon Vehicle
Riflemen Squad
Riflemen Squad
Riflemen Squad
Mechanized Support Center
Engineer Squad
Selects Raiding Flares
M1 Mortar Team
Grenade Package
M1918 Browning Automatic Rifles
Engineer Squad
Selects SSF Commando Squad
SSF Commando Squad
Designate Forward Repair Station
Designate Forward Repair Station
Forward Retreat Point
Construct Weapon Support Center
Construct Tank Depot
M4A1 Sherman Medium Tank
M4A1 76mm Conversion
Improvised Armor
Bran
DrewP
[WP] Bronto
<V> | Sir John
0
0
Comments
sign in to comment!
No comments posted yet!